 Dungeon Crawl Stone Soup version 0.28-a0-464-g0687ed57fd (webtiles) character file.

Game seed: 10875500630744176997

5534 Dabor the Cleaver (level 10, 0/76 (82) HPs)
             Began as a Gnoll Cinder Acolyte on Sept 13, 2021.
             Was a High Priest of Ignis.
             Slain by a wight (1 damage)
             ... on level 8 of the Dungeon on Sept 14, 2021.
             The game lasted 00:36:17 (8210 turns).

Dabor the Cleaver (Gnoll Cinder Acolyte)            Turns: 8210, Time: 00:36:18

HP:   0/76 (82)     AC:  9    Str: 16    XL:     10   Next: 71%
MP:   3/19          EV: 11    Int: 14    God:    Ignis [*****.]
Gold: 91            SH:  0    Dex:  8    Spells: 19/21 levels left

rFire   + . .      SeeInvis .   s - +2 war axe (distort)
rCold   + . .      Faith    .   (no shield)
rNeg    + . .      Spirit   .   n - +1 ring mail {rN+}
rPois   .          Reflect  .   l - +1 hat
rElec   .          Harm     .   (no cloak)
rCorr   .          Rampage  .   (no gloves)
Will    +....                   h - +0 pair of boots
Stlth   ++........              i - amulet of regeneration
HPRegen 1.22/turn               f - ring of protection from cold
MPRegen 0.16/turn               r - ring of willpower

@: lethally poisoned (0 -> 0), drained
A: fangs 1, strong nose, distributed training, antennae 1, talons 1
a: Renounce Religion, Sea of Fire, Foxfire Swarm, Rising Flame


You were on level 8 of the Dungeon.
You worshipped Ignis.
Ignis was extremely pleased with you.
You visited 1 branch of the dungeon, and saw 8 of its levels.

You collected 298 gold pieces.
You spent 207 gold pieces at shops.

Inventory:

Hand Weapons
 a - a -1 hand axe of flaming
 s - a +2 war axe of distortion (weapon)
 y - a +0 hand axe of freezing
 A - a +1 scythe of flaming
 D - a +2 long sword of holy wrath
Missiles
 b - 11 poisoned darts
 p - 158 stones
 z - 6 boomerangs
Armour
 h - a +0 pair of boots (worn)
 l - a +1 hat (worn)
 n - a +1 ring mail of positive energy (worn)
 B - +0 steam dragon scales
Jewellery
 f - a ring of protection from cold (left hand)
 i - an amulet of regeneration (around neck)
 r - a ring of willpower (right hand)
Wands
 u - a wand of paralysis (13)
 w - a wand of flame (20)
 x - a wand of iceblast (9)
Scrolls
 c - 3 scrolls of teleportation
 d - 2 scrolls of blinking
 j - 5 scrolls of immolation {unknown}
 k - a scroll of fog {unknown}
 o - 3 scrolls of enchant weapon {unknown}
 q - 3 scrolls of enchant armour {unknown}
 v - 3 scrolls of silence {unknown}
Potions
 e - 2 potions of degeneration {unknown}
 g - 8 potions of curing
 m - 2 potions of haste {unknown}
 t - a potion of cancellation {unknown}
 C - 2 potions of invisibility {unknown}


   Skills:
 + Level 8.7 Fighting
 + Level 5.5 Short Blades
 + Level 5.5 Long Blades
 + Level 8.7 Axes
 + Level 5.5 Maces & Flails
 + Level 5.5 Polearms
 + Level 5.5 Staves
 + Level 5.5 Slings
 + Level 5.5 Bows
 + Level 5.5 Crossbows
 + Level 5.5 Throwing
 + Level 5.5 Armour
 + Level 5.5 Dodging
 + Level 5.5 Stealth
 + Level 5.5 Shields
 + Level 5.5 Unarmed Combat
 + Level 6.2 Spellcasting
 + Level 4.5 Conjurations
 + Level 4.5 Hexes
 + Level 4.5 Summonings
 + Level 4.5 Necromancy
 + Level 4.5 Translocations
 + Level 4.5 Transmutations
 + Level 7.2 Fire Magic
 + Level 4.5 Ice Magic
 + Level 4.5 Air Magic
 + Level 4.5 Earth Magic
 + Level 4.5 Poison Magic
 + Level 6.1 Invocations
 + Level 5.5 Evocations


You had 19 spell levels left.
You knew the following spells:

 Your Spells              Type           Power      Damage    Failure   Level
a - Scorch                Fire           48%        2d7       2%          2

Your spell library contained the following spells:

 Spells                   Type           Power      Damage    Failure   Level
 Sublimation of Blood     Necr           8%         N/A       6%          2
 Petrify                  Tmut/Erth      17%        N/A       38%         4
 Irradiate                Conj/Tmut      8%         3d16      75%         5


Dungeon Overview and Level Annotations

Branches:
Dungeon (8/15)             Temple (0/1) D:4
   Lair: D:8-11

Altars:

Shops:
D:7 (

Annotations:
D:3 Duvessa


Innate Abilities, Weirdness & Mutations

You have very sharp teeth.
Your uncanny sense of smell can sniff out nearby items.
Your experience applies equally to all skills.
You have a pair of small antennae on your head.
You have sharp toenails.


Message History

The killer bee stings you but does no damage.
You miss the killer bee. Your bite misses the killer bee.
The killer bee is heavily wounded.
You feel very sick. The killer bee stings you.
You are more poisoned.
The killer bee poisons you!
The wight hits you from afar with a +0 trident!
The killer bee closely misses you.
You miss the killer bee.
You bite the killer bee, but do no damage.
The killer bee is heavily wounded.
You feel very sick. The killer bee barely misses you.
The wight hits you from afar with a +0 trident!
You partially resist.
You feel drained. The killer bee misses you.
You are too injured to fight recklessly!
You are too injured to fight recklessly!
You are too injured to fight recklessly!
You are too injured to fight recklessly!
You hit the killer bee.
Space bends around the killer bee!
You kill the killer bee!
You feel very sick.
The wight hits you from afar with a +0 trident.
You partially resist.
You feel drained.
You barely miss the wight.
The wight is lightly damaged.
You feel very sick.
The wight hits you from afar with a +0 trident.
You partially resist.
You feel drained.
The wight hits you with a +4 war axe of freezing!
* * * LOW HITPOINT WARNING * * *
You feel sick.
There is an open door here.
You feel sick. Flames leap up around you!
You feel sick.
The wight hits you with a +4 war axe of freezing!
* * * LOW HITPOINT WARNING * * *
You partially resist.
You feel drained. The wight freezes you.
You die...

.....#...# ## ..
..####...# #< .#
.#####...##### #.#.#
.#....≈..#...# .).
.'.....≈.'...# #†##
.#......≈#...# #..#
######...≈...#####v#
#...#≈...vvv#z#
#...+.≈..vv@zv#
#...#..≈.vvv###
#####...##### #...#
#...# #...# ####


You could see 2 wights.

Vanquished Creatures
  A tengu warrior (D:8)
  2 centaur zombies (D:7)
  Prince Ribbit (D:7)
  Grinder (D:6)
  Sigmund (D:5)
  A shadow (D:5)
  A yak (D:7)
  2 steam dragons
  An ice beast (D:7)
  An orc warrior (D:7)
  10 black bears
  2 ogres (D:6)
  2 centaurs
  2 phantoms
  A bullfrog (D:8)
  A wyvern zombie (D:5)
  2 scorpions
  Dowan (D:4)
  A water moccasin skeleton (D:4)
  9 killer bees (D:8)
  A howler monkey (D:5)
  7 wights
  A bullfrog zombie (D:7)
  4 hounds
  2 jellies (D:7)
  2 bullfrog skeletons
  A gnoll shaman (D:6)
  An orc priest (D:6)
  4 orc wizards
  An iguana (D:5)
  A hound zombie (D:5)
  A hound skeleton (D:4)
  11 gnolls
  9 adders
  A howler monkey skeleton (D:7)
  2 river rats (D:5)
  A white imp (D:7)
  2 ufetubi (D:6)
  A worm (D:2)
  2 dart slugs
  29 orcs
  6 endoplasms
  2 giant cockroaches
  8 goblins
  6 hobgoblins
  10 jackals
  12 kobolds
  11 quokkas
  6 ball pythons
  9 bats
  3 frilled lizards
  15 rats
215 creatures vanquished.

Vanquished Creatures (others)
  20 foxfires (D:6)
  23 fungi (D:8)
  33 plants (D:8)
76 creatures vanquished.

Grand Total: 291 creatures vanquished

Notes
Turn   | Place    | Note
-------+----------+-------------------------------------------
     0 | D:1      | Dabor the Gnoll Cinder Acolyte began the quest for the Orb.
     0 | D:1      | Reached XP level 1. HP: 23/23 MP: 4/4
   166 | D:1      | Reached XP level 2. HP: 27/29 MP: 5/5
  1174 | D:1      | Reached XP level 3. HP: 35/35 MP: 7/7
  1177 | D:1      | Learned a level 2 spell: Scorch
  1414 | D:2      | Reached skill level 1 in Invocations
  1564 | D:2      | Reached skill level 1 in Short Blades
  1564 | D:2      | Reached skill level 1 in Long Blades
  1564 | D:2      | Reached skill level 1 in Maces & Flails
  1564 | D:2      | Reached skill level 1 in Polearms
  1564 | D:2      | Reached skill level 1 in Staves
  1564 | D:2      | Reached skill level 1 in Slings
  1564 | D:2      | Reached skill level 1 in Bows
  1564 | D:2      | Reached skill level 1 in Crossbows
  1564 | D:2      | Reached skill level 1 in Throwing
  1564 | D:2      | Reached skill level 1 in Armour
  1564 | D:2      | Reached skill level 1 in Dodging
  1564 | D:2      | Reached skill level 1 in Stealth
  1564 | D:2      | Reached skill level 1 in Shields
  1564 | D:2      | Reached skill level 1 in Unarmed Combat
  1564 | D:2      | Reached skill level 1 in Evocations
  1568 | D:2      | Reached XP level 4. HP: 41/41 MP: 8/8
  1662 | D:2      | Reached skill level 1 in Conjurations
  1662 | D:2      | Reached skill level 1 in Hexes
  1662 | D:2      | Reached skill level 1 in Summonings
  1662 | D:2      | Reached skill level 1 in Necromancy
  1662 | D:2      | Reached skill level 1 in Translocations
  1662 | D:2      | Reached skill level 1 in Transmutations
  1662 | D:2      | Reached skill level 1 in Ice Magic
  1662 | D:2      | Reached skill level 1 in Air Magic
  1662 | D:2      | Reached skill level 1 in Earth Magic
  1662 | D:2      | Reached skill level 1 in Poison Magic
  2124 | D:3      | Reached XP level 5. HP: 47/47 MP: 9/9
  2151 | D:3      | Noticed a phantom
  2162 | D:3      | Killed a phantom
  2449 | D:3      | Reached XP level 6. HP: 39/53 MP: 1/10
  3084 | D:4      | Noticed Dowan
  3126 | D:4      | Noticed Duvessa
  3128 | D:4      | Noticed a black bear
  3480 | D:4      | Killed Dowan
  3610 | D:4      | Killed a black bear
  3611 | D:4      | Reached XP level 7. HP: 56/60 MP: 3/12
  4179 | D:4      | Found a staircase to the Ecumenical Temple.
  4214 | D:5      | Entered Level 5 of the Dungeon
  4658 | D:5      | Noticed Sigmund
  4658 | D:5      | Noticed a shadow
  4674 | D:5      | Killed a shadow
  4764 | D:5      | Killed Sigmund
  4765 | D:5      | Reached XP level 8. HP: 67/67 MP: 4/14
  5591 | D:6      | Gained mutation: You have a pair of small antennae on your
                  | head. [potion of mutation]
  5591 | D:6      | Gained mutation: You have sharp toenails. [potion of
                  | mutation]
  5628 | D:6      | Reached XP level 9. HP: 72/72 MP: 14/16
  5644 | D:6      | Noticed Grinder
  5664 | D:6      | Killed Grinder
  5665 | D:6      | Reached skill level 5 in Spellcasting
  6221 | D:7      | Reached skill level 5 in Invocations
  6330 | D:7      | Noticed Prince Ribbit
  6344 | D:7      | Killed Prince Ribbit
  6560 | D:7      | Reached XP level 10. HP: 80/80 MP: 6/18
  6833 | D:7      | Found Xoly's Weapon Boutique.
  6841 | D:7      | Bought a +2 war axe of distortion for 207 gold pieces
  7227 | D:8      | Noticed a tengu warrior
  7412 | D:8      | Killed a tengu warrior
  7413 | D:8      | Reached skill level 5 in Short Blades
  7413 | D:8      | Reached skill level 5 in Long Blades
  7413 | D:8      | Reached skill level 5 in Maces & Flails
  7413 | D:8      | Reached skill level 5 in Polearms
  7413 | D:8      | Reached skill level 5 in Staves
  7413 | D:8      | Reached skill level 5 in Slings
  7413 | D:8      | Reached skill level 5 in Bows
  7413 | D:8      | Reached skill level 5 in Crossbows
  7413 | D:8      | Reached skill level 5 in Throwing
  7413 | D:8      | Reached skill level 5 in Armour
  7413 | D:8      | Reached skill level 5 in Dodging
  7413 | D:8      | Reached skill level 5 in Stealth
  7413 | D:8      | Reached skill level 5 in Shields
  7413 | D:8      | Reached skill level 5 in Unarmed Combat
  7413 | D:8      | Reached skill level 5 in Evocations
  8210 | D:8      | HP: 1/78 [wight (13)]
  8210 | D:8      | Slain by a wight

Illustrated notes

Levels and vault maps discovered:
D:1:      erik_arrival_triangle_small, layout_basic, minmay_pentomino_z4
D:2:      cheibrodos_helix_gallery, layout_basic
D:3:      layout_loops_ring
D:4:      layout_loops_cross, temple_statues, uniq_duvessa
D:5:      lemuel_ratsnest, layout_loops_corners, uniq_sigmund
D:6:      layout_rooms, skrybe_limestone_x, minmay_tree_intersection,
          uniq_grinder
D:7:      layout_basic, serial_shops, shop_statue, kennysheep_windowed_goal,
          uniq_prince_ribbit1
D:8:      layout_basic, due_lair_maze_entry_diamond, gammafunk_ghost_grave,
          hangedman_abyss_or_decor_clamps, dk_noncrumbling_4

Skill      XL: |  1  2  3  4  5  6  7  8  9 10 |
---------------+-------------------------------+-----
Invocations    | 1 2 3 4 5 6 |  6.1
Short Blades   | 1 2 3 4 5 |  5.5
Long Blades    | 1 2 3 4 5 |  5.5
Maces & Flails | 1 2 3 4 5 |  5.5
Polearms       | 1 2 3 4 5 |  5.5
Staves         | 1 2 3 4 5 |  5.5
Slings         | 1 2 3 4 5 |  5.5
Bows           | 1 2 3 4 5 |  5.5
Crossbows      | 1 2 3 4 5 |  5.5
Throwing       | 1 2 3 4 5 |  5.5
Armour         | 1 2 3 4 5 |  5.5
Dodging        | 1 2 3 4 5 |  5.5
Stealth        | 1 2 3 4 5 |  5.5
Shields        | 1 2 3 4 5 |  5.5
Unarmed Combat | 1 2 3 4 5 |  5.5
Evocations     | 1 2 3 4 5 |  5.5
Spellcasting   | 3 4 5 6 |  6.2
Conjurations   | 1 2 3 4 |  4.5
Hexes          | 1 2 3 4 |  4.5
Summonings     | 1 2 3 4 |  4.5
Necromancy     | 1 2 3 4 |  4.5
Translocations | 1 2 3 4 |  4.5
Transmutations | 1 2 3 4 |  4.5
Ice Magic      | 1 2 3 4 |  4.5
Air Magic      | 1 2 3 4 |  4.5
Earth Magic    | 1 2 3 4 |  4.5
Poison Magic   | 1 2 3 4 |  4.5
Fighting       | 7 8 |  8.7
Axes           | 7 8 |  8.7
Fire Magic     | 6 7 |  7.2

Action                   |  1- 3 |  4- 6 |  7- 9 | 10-12 || total
-------------------------+-------+-------+-------+-------++-------
Melee: Hand axe          |    88 |   175 |   289 |    30 ||   582
       Bite              |     4 |    18 |    21 |     4 ||    47
       Punch             |       |       |     3 |     2 ||     5
       War axe           |       |       |       |    37 ||    37
Throw: Dart              |       |       |     5 |     9 ||    14
 Cast: Scorch            |     7 |    32 |    89 |    71 ||   199
Invok: Foxfire Swarm     |       |       |     1 |     1 ||     2
  Use: Scroll            |       |     3 |     1 |       ||     4
       Potion            |       |       |     1 |       ||     1
Armor: Robe              |     5 |       |       |       ||     5
       Leather armour    |    10 |       |       |       ||    10
       Ring mail         |    10 |   104 |   161 |    65 ||   340
Dodge: Dodged            |    44 |   131 |   206 |   101 ||   482

Table legend: (Time is in decaauts)
 A = Elapsed time spent in this place.
 B = Non-inter-level travel time spent in this place.
 C = Inter-level travel time spent in this place.
 D = Time resting spent in this place.
 E = Time spent auto-exploring this place.
 F = Levels seen in this place.
 G = Mean time per level.
                   A        B        C        D        E       F      G
               +--------+--------+--------+--------+--------+-----+--------+
         Total |   8182 |   7951 |    231 |   1353 |   4125 |   8 | 1022.8 |
       Dungeon |   8182 |   7951 |    231 |   1353 |   4125 |   8 | 1022.8 |
               +--------+--------+--------+--------+--------+-----+--------+

Top non-repeatable levels by time:
     D:7: 1464 daAuts
     D:3: 1417 daAuts
     D:1: 1306 daAuts
     D:5: 1276 daAuts
     D:4: 873 daAuts
     D:2: 679 daAuts
     D:6: 590 daAuts
     D:8: 574 daAuts
